Map: Frost LE

Players

llllllllllll

  • Race: Terran Terran
  • League: Grandmaster

IIIIIIIIIIII (State) - Winner!

  • Race: Protoss Protoss
  • League: Grandmaster

VOD

Have the link to the VOD?

Description

Time

  • Played on: Aug. 4, 2016, 12:45 a.m.
  • Length: 7:34
Show
View Real Time Build Order
Export as new Build Order

llllllllllll Terran 

Build Orders: Reaper Expand, MMM Bio 

Get SALT Encoding   

  12  0:01  SCV  
  13  0:14  SCV  
  14  0:17  Supply Depot  
  14  0:26  SCV  
  15  0:39  SCV  
  15  0:40  Barracks  
  16  0:44  Refinery  
  16  0:51  SCV  
  17  1:03  SCV  
  18  1:15  SCV  
  19  1:28  Reaper, Orbital Command  
  20  1:41  Command Center  
  20  1:51  Barracks  
  20  1:55  SCV  
  21  2:02  Barracks Reactor  
  21  2:07  SCV  
  22  2:09  Supply Depot  
  22  2:19  SCV  
  22  2:21  Refinery  
  23  2:27  Factory  
  23  2:31  SCV  
  24  2:38  Marine x2  
  24  2:39  Barracks Tech Lab  
  24  2:43  SCV  
  27  2:54  Orbital Command  
  27  2:55  SCV  
  28  2:59  Marine  
  28  3:00  Stimpack  
  28  3:01  Marine  
  28  3:04  Marine  
  31  3:07  SCV  
  32  3:17  Marine  
  32  3:18  Marine  
  34  3:23  Marauder  
  36  3:27  Starport  
  36  3:31  Supply Depot  
  35  3:36  Supply Depot  
  35  3:37  Factory Reactor  
  35  3:44  Marauder  
  34  3:58  Barracks, SCV  
  35  4:03  SCV  
  35  4:04  Barracks Reactor  
  35  4:09  Marine  
  37  4:10  SCV  
  37  4:15  SCV  
  39  4:22  SCV  
  40  4:25  Medivac x2  
  40  4:27  Supply Depot  
  40  4:31  Marauder  
  46  4:36  Supply Depot  
  46  4:45  Supply Depot  
  46  4:46  Barracks Reactor  
  46  4:49  Factory Tech Lab, Marine x2, SCV x2  
  50  4:56  Supply Depot  
  50  5:01  SCV  
  50  5:02  SCV  
  50  5:04  Refinery  
  52  5:09  Marine x3  
  52  5:13  Siege Tank, SCV  
  59  5:18  SCV  
  59  5:20  Combat Shields  
  60  5:25  SCV  
  60  5:30  Marine, SCV  
  60  5:31  Marine x4  
  66  5:37  SCV  
  67  5:45  Siege Tank  
  67  5:48  Marine  
  67  5:49  Barracks  
  71  5:51  SCV  
  71  5:53  Marine, Barracks  
  71  5:55  Marine, Supply Depot  
  74  5:59  SCV  
  74  6:03  SCV  
  74  6:04  Marine, Supply Depot  
  76  6:11  Marine  
  77  6:15  Supply Depot x2  
  77  6:16  Marine, SCV  
  79  6:21  Siege Tank  
  79  6:22  Marine  
  83  6:29  Marine  
  82  6:34  Marine  
  82  6:35  Marine  
  82  6:38  Barracks Reactor  
  84  6:41  Barracks Reactor  
  84  6:43  Marine x2  
  84  6:46  Medivac  
  88  6:50  Medivac  
  88  6:53  Siege Tank  
  88  6:54  Supply Depot  
  93  6:55  Marine  
  93  6:59  Marine x2  
  93  7:00  Marine  
  94  7:01  Marauder  
  93  7:12  Marine  
  94  7:16  Marine x3  
Show
View Real Time Build Order
Export as new Build Order

IIIIIIIIIIII Protoss - Winner!

Build Orders: 1 Gate Expand 

Get SALT Encoding   

  12  0:00  Probe (Chrono Boost)  
  13  0:11  Probe (Chrono Boost)  
  14  0:17  Pylon  
  14  0:22  Probe (Chrono Boost)  
  16  0:35  Probe (Chrono Boost)  
  16  0:36  Gateway  
  16  0:42  Assimilator  
  16  0:46  Probe (Chrono Boost)  
  17  0:56  Probe (Chrono Boost)  
  18  1:07  Probe (Chrono Boost)  
  19  1:21  Nexus  
  19  1:25  Probe (Chrono Boost)  
  20  1:35  Cybernetics Core  
  20  1:39  Probe (Chrono Boost)  
  21  1:43  Assimilator  
  21  1:49  Probe (Chrono Boost)  
  22  1:54  Pylon  
  22  2:00  Probe (Chrono Boost)  
  23  2:11  Stalker  
  23  2:13  Mothership Core (Chrono Boost)  
  27  2:17  Warp Gate  
  26  2:33  Probe x2 (Chrono Boost)  
  28  2:38  Adept  
  32  2:44  Probe (Chrono Boost)  
  32  2:45  Probe (Chrono Boost)  
  32  2:55  Probe (Chrono Boost)  
  32  2:57  Probe (Chrono Boost)  
  34  3:05  Probe (Chrono Boost)  
  35  3:07  Probe (Chrono Boost)  
  35  3:08  Pylon  
  35  3:09  Pylon  
  36  3:16  Probe (Chrono Boost)  
  36  3:18  Probe (Chrono Boost)  
  38  3:26  Probe (Chrono Boost)  
  39  3:28  Probe (Chrono Boost)  
  40  3:35  Robotics Facility  
  40  3:37  Twilight Council, Probe (Chrono Boost)  
  40  3:38  Pylon  
  40  3:39  Probe (Chrono Boost)  
  42  3:47  Probe (Chrono Boost)  
  43  3:49  Probe (Chrono Boost)  
  44  3:58  Probe (Chrono Boost)  
  44  4:00  Probe (Chrono Boost)  
  46  4:03  Blink, Gateway  
  46  4:04  Gateway  
  46  4:06  Assimilator  
  46  4:08  Pylon, Probe (Chrono Boost)  
  47  4:11  Probe (Chrono Boost)  
  47  4:16  Pylon  
  47  4:20  Observer, Probe (Chrono Boost)  
  47  4:23  Probe (Chrono Boost)  
  47  4:24  Stalker  
  52  4:30  Pylon  
  53  4:33  Probe (Chrono Boost)  
  53  4:34  Pylon  
  53  4:39  Observer, Assimilator  
  54  4:49  Stalker, Gateway  
  54  4:50  Gateway  
  58  4:53  Probe (Chrono Boost)  
  58  4:54  Probe (Chrono Boost)  
  58  5:00  Pylon x2  
  58  5:01  Sentry x2  
  58  5:02  Observer  
  63  5:12  Sentry  
  65  5:17  Nexus  
  65  5:21  Pylon  
  65  5:29  Stalker x2  
  69  5:43  Stalker  
  69  5:46  Stalker x2  
  77  5:50  Probe x2 (Chrono Boost)  
  77  5:51  Resonating Glaives  
  77  5:53  Stalker  
  77  5:54  Stalker  
  80  5:59  Immortal  
  80  6:00  Pylon  
  83  6:20  Forge  
  83  6:22  Stalker x3  
  89  6:27  Probe (Chrono Boost)  
  89  6:30  Pylon, Probe (Chrono Boost)  
  91  6:39  Adept x2  
  99  6:47  Adept  
  99  6:48  Adept x2  
  101  6:54  Immortal  
  105  7:06  Adept x2  
  107  7:11  Adept x3  
  111  7:33  Adept x5  
Tags
 
Add a new tag
Caveats
  • Supply blocks, unpowered buildings, or Contaminate may cause inaccurate times.
  • Supply counts are checked every 10 seconds.